 Dungeon Crawl Stone Soup version 0.18-a0-1774-gce1f7b6 (webtiles) character file.

240 Chiseanne the Skirmisher (level 5, 0/44 HPs)
             Began as a Demonspawn Monk on Apr 15, 2016.
             Killed from afar by an orc wizard (9 damage)
             ... with a puff of flame
             ... on level 4 of the Dungeon.
             The game lasted 00:07:24 (4256 turns).

Chiseanne the Skirmisher (Demonspawn Monk)          Turns: 4256, Time: 00:07:25

Health: 0/44       AC:  6    Str: 13    XL:     5   Next: 79%
Magic:  5/5        EV: 12    Int: 11    God:
Gold:   231        SH:  0    Dex: 15    Spells: 0 memorised, 4 levels left

rFire  . . .     SeeInvis .       - Unarmed
rCold  + . .     Gourm    .     o - +0 ring mail
rNeg   . . .     Faith    .     (no shield)
rPois  .         Spirit   .     (no helmet)
rElec  .         Dismiss  .     q - +0 cloak
rCorr  .         Reflect  .     (no gloves)
SustAt +         Harm     .     (no boots)
MR     .....                    (no amulet)
Stlth  +.........               (no ring)
                                c - ring of sustain attributes

@: not resistant to hostile enchantments, very unstealthy
A: hooves 1, cold resistance 1, demonic guardian 1
a: no special abilities


You were on level 4 of the Dungeon.
You were hungry.

You visited 1 branch of the dungeon, and saw 4 of its levels.

You collected 231 gold pieces.

Inventory:

Hand Weapons
 n - a +1 antimagic quarterstaff
Missiles
 f - 68 arrows
 i - 18 sling bullets
 j - 17 sling bullets of flame
 m - 16 bolts of frost
 p - 34 bolts
Armour
 o - a +0 ring mail (worn)
 q - a +0 cloak (worn)
Jewellery
 c - a ring of sustain attributes (left hand)
 l - a cursed -3 ring of intelligence {unknown}
Scrolls
 g - a scroll of amnesia
Potions
 d - a potion of heal wounds
 e - a potion of flight {unknown}
 k - a potion of cure mutation {unknown}
Comestibles
 a - 2 meat rations
 b - 4 bread rations
 h - 2 beef jerkies
 r - a slice of pizza


   Skills:
 * Level 5.0 Fighting
 * Level 1.0 Armour
 * Level 4.4 Dodging
 - Level 1.7 Stealth
 - Level 3.6 Unarmed Combat


You had 4 spell levels left.
You didn't know any spells.

Dungeon Overview and Level Annotations

Branches:
Dungeon (4/15)
 Temple: D:4-7

Altars:
Gozag
Nemelex Xobeh


Innate Abilities, Weirdness & Mutations

You have large cloven feet.
Your flesh is cold resistant.
A weak demonic guardian rushes to your aid.


Message History

The puff of flame hits you!
You hit something. Your kick misses something.
Something hits you but does no damage.
You hit something. Your kick misses something.
Your iron imp disappears in a puff of smoke!
Something hits you but does no damage. Something hits you.
You miss something.
You hear some strange, mumbled words.
A puff of flame appears from out of thin air!
The puff of flame misses you.
You miss something. Your kick misses something.
You hear some strange, mumbled words.
A puff of flame appears from out of thin air!
The puff of flame hits you!
* * * LOW HITPOINT WARNING * * *
Your ring mail prevents you from hitting something.
You hear some strange, mumbled words.
A puff of flame appears from out of thin air!
The puff of flame hits you!
You die...

#.#.# #.# #.#.# #.#
#.#.# #.# #.#.# #<#
#.#.######.#
#..........##
#...........#
########..########.#
........@)# #.#
#########{# #.# #.#
#.# ###.# #.# #.ยง.#
#.# #...%# #.#
...%..... ..#
####o...### ###
#o.###


There were no monsters in sight!

Vanquished Creatures
  An orc priest (D:2)
  An orc wizard (D:3)
  8 adders
  3 worms
  3 dart slugs
  2 giant geckos
  2 orcs (D:3)
  8 bats
  4 giant cockroaches
  9 hobgoblins
  4 jackals (D:3)
  A quokka (D:2)
  A giant gecko skeleton (D:4)
  4 giant newts
  9 goblins
  4 kobolds
  8 rats
72 creatures vanquished.

Vanquished Creatures (collateral kills)
  An orc priest (D:3)
  An ooze (D:3)
  3 orcs
  A kobold (D:3)
6 creatures vanquished.

Grand Total: 78 creatures vanquished

Notes
Turn   | Place    | Note
--------------------------------------------------------------
     0 | D:1      | Chiseanne the Demonspawn Monk began the quest for the Orb.
     0 | D:1      | Reached XP level 1. HP: 18/18 MP: 1/1
   312 | D:1      | Gained mutation: You have large cloven feet. [demonic ancestry]
   312 | D:1      | Reached XP level 2. HP: 20/24 MP: 2/2
  1116 | D:2      | Reached XP level 3. HP: 26/29 MP: 3/3
  1523 | D:2      | Reached skill level 4 in Fighting
  1543 | D:2      | Gained mutation: A weak demonic guardian rushes to your aid. [demonic ancestry]
  1543 | D:2      | Reached XP level 4. HP: 25/37 MP: 4/4
  2042 | D:2      | Found a sparkling altar of Nemelex Xobeh.
  2725 | D:3      | Gained mutation: Your flesh is cold resistant. [demonic ancestry]
  2725 | D:3      | Reached XP level 5. HP: 13/43 MP: 5/5
  3884 | D:3      | Reached skill level 5 in Fighting
  3884 | D:3      | Reached skill level 1 in Armour
  4231 | D:4      | Found an opulent altar of Gozag.
  4256 | D:4      | Killed from afar by an orc wizard

Vault maps used:
D:1:      dpeg_arrival_tiny_a
D:2:      nemelex_diamond_rough_becter
D:4:      okawaru_metal_pillars_1_2, grunt_temple_overflow_open,
          nicolae_ossuary_entry_ruins, first_bread, serial_shops, shop,
          gup_sewer_entry_bowl, minmay_crystal_room, xom_redecorated,
          uniq_grinder

Skill      XL: |  1  2  3  4  5 |
---------------+----------------+-----
Dodging        | 3 4 |  4.4
Fighting       | 4 5 |  5.0
Armour         | 1 |  1.0
Stealth        | |  1.7
Unarmed Combat | |  3.6

Action                   |  1- 3 |  4- 6 || total
-------------------------+-------+-------++-------
Melee: Unarmed           |   119 |   224 ||   343
       Kick              |    17 |    43 ||    60
       Punch             |       |     7 ||     7
  Use: Scroll            |     8 |       ||     8
       Potion            |       |     1 ||     1
 Stab: Sleeping          |     8 |     1 ||     9
  Eat: Chunk             |     2 |     8 ||    10
Armor: Robe              |    18 |       ||    18
       Leather armour    |     5 |    23 ||    28
       Ring mail         |       |    39 ||    39
Dodge: Dodged            |    89 |   137 ||   226
